 Dungeon Crawl Stone Soup version 0.32-a0-576-g706899e69d (webtiles) character file.

Game seed: 4703050817349476330

439 juan097 the Insei (level 7, -4/45 HPs)
             Began as an Octopode Shapeshifter on Mar 1, 2024.
             Slain by a gnoll
             ... wielding a +0 whip
             ... led by a gnoll bouda
              (9 damage)
             ... on level 6 of the Dungeon.
             The game lasted 00:06:38 (2653 turns).

juan097 the Insei (Octopode Shapeshifter)           Turns: 2653, Time: 00:06:38

Health: -4/45      AC:  1    Str: 13    XL:     7   Next: 1%
Magic:  7/7        EV: 14    Int: 13    God:
Gold:   145        SH:  0    Dex: 13    Spells: 6/6 levels left

rFire   + .          .
                       - Unarmed
rCold   . . .        (no shield)
rNeg    . . .        (helmet currently unavailable)
rPois   .            (no amulet)
rElec   .            n - ring of protection from fire
rCorr   .            (no ring)
SInv    .            (no ring)
Will    .....        (no ring)
Stlth   +++          (no ring)
HPRegen 0.27/turn    (no ring)
MPRegen 0.10/turn    (no ring)
                     (no ring)

%: no passive effects
@: about to teleport, beast-form
A: beast (slay +2), almost no armour, amphibious, 8 rings, camouflage 1,
gelatinous body 1, (nimble swimmer 1), tentacles
a: Begin Untransformation


You were on level 6 of the Dungeon.
You were a hulking beast.
You visited 1 branch of the dungeon, and saw 5 of its levels.

You collected 145 gold pieces.

Inventory:

Missiles
 h - 3 poisoned darts
 m - 4 boomerangs (quivered)
Jewellery
 n - a ring of protection from fire (left tentacle)
Talismans
 b - a beast talisman (active)
 c - a flux talisman
Scrolls
 d - a scroll of enchant armour
 i - 4 scrolls of identify
 k - a scroll of blinking {unknown}
 l - a scroll of fog {unknown}
Potions
 a - a potion of lignification
 e - a potion of magic {unknown}
 g - a potion of berserk rage {unknown}
 o - a potion of degeneration {unknown}


   Skills:
 + Level 2.8 Fighting
 + Level 1.5 Throwing
 + Level 3.2 Dodging
 + Level 3.4 Stealth
 * Level 5.0 Unarmed Combat
 + Level 3.8 Shapeshifting


You had 6 spell levels left.
You didn't know any spells.
Your spell library contained the following spells:

 Spells                   Type           Power      Damage    Failure   Level
 Magic Dart               Conj           0%         1d3       30%         1
 Blink                    Tloc           0%         N/A       43%         2
 Call Imp                 Summ           0%         N/A       43%         2
 Mercury Vapours          Alch/Air       0%         N/A       43%         2
 Gell's Gravitas          Tloc           0%         N/A       67%         3
 Mephitic Cloud           Conj/Alch/Air  0%         N/A       67%         3
 Teleport Other           Tloc           0%         N/A       67%         3
 Freezing Cloud           Conj/Ice/Air   0%         6-21      100%        5
 Dispersal                Tloc           0%         N/A       100%        6


Dungeon Overview and Level Annotations

Branches:
Dungeon (4/15)
 Temple: D:4-7

Altars:
Zin

Portals:
Ossuary: D:4


Innate Abilities, Weirdness & Mutations

You are a hulking beast.
Your limbs bulge with bestial killing power. (Slay +2)
You cannot wear most types of armour.
You are amphibious.
You can wear up to eight rings at the same time.
Your skin changes colour to match your surroundings (Stealth+).
Your rubbery body absorbs attacks. (AC +1, EV +1)
((You are camouflaged when in or above water. (Stealth+)))
You have tentacles for arms and can constrict up to eight enemies at once.


Message History

You squeeze the gnoll bouda!
The gnoll bouda is heavily wounded.
The gnoll bouda completely misses you.
You tentacle-slap the gnoll bouda. You grab the gnoll bouda.
You squeeze the gnoll bouda, but do no damage.
The gnoll bouda is heavily wounded.
You constrict the gnoll bouda.
The gnoll bouda gazes fiercely through you!
You feel your attacks grow feeble.
The gnoll bouda hits you with a +0 whip!
You tentacle-slap the gnoll bouda but do no damage.
You squeeze the gnoll bouda.
The gnoll bouda is almost dead.
You constrict the gnoll bouda.
You kill the gnoll bouda!
A gnoll comes into view. It is wielding a +0 flail.
Your Unarmed Combat skill increases to level 5!
You have reached level 7!
A gnoll comes into view. It is wielding a +0 whip.
As you read the scroll labelled FYGUSH EXYCVEU, it crumbles to dust.
It is a scroll of identify.
d - a scroll of enchant armour The gnoll barely misses you.
Okay, then.
Okay, then.
The ogre attacks as it pursues you! The ogre hits you with a +0 giant club!
* * * LOW HITPOINT WARNING * * *
The gnoll misses you.
As you read the scroll labelled RUIZ BABEBB, it crumbles to dust.
You feel aware of your surroundings.
You sensed 1 altar.
It was a scroll of revelation.
Your attacks no longer feel as feeble.
The gnoll hits you with a +0 flail!
* * * LOW HITPOINT WARNING * * *
The ogre misses you.
As you read the scroll labelled ETATIU ACVOSO, it crumbles to dust.
You feel strangely unstable.
It was a scroll of teleportation.
The gnoll barely misses you. The gnoll attacks as it pursues you!
The gnoll hits you with a +0 whip!
You die...

,.................###.#.....## #.
,#..........)...#......#....# ##.
*#...#......#)........##...####..
,.....g....##.........###.....#..
,....g......#...................)
,o...........................#...
,..............#gO...>......#####
,..............##g..#..........##
,,..............h...#............
**,,,,,.....#.............##.....
,,,,,,,.....##.......?.......##..
,,,,,,,.....##....#.........#####
,,,,,,,,.........##....##...l.* #
,,,,,**,,,.#.....#............###
*,,,,**,,*##.......#...........#.
*,,,,,,,***#......,*,...,,,,,,...
**,,,*,,,,,,,,,,,,,,,,,,,,,,,,#..


You could see an ogre and a gnoll (swift).

Vanquished Creatures
  An ogre (D:4)
  A bombardier beetle (D:3)
  An orc priest (D:6)
  A jelly (D:6)
  A gnoll bouda (D:6)
  A scorpion zombie (D:4)
  An orc wizard (D:4)
  A hound skeleton (D:4)
  Robin (D:3)
  A gnoll (D:6)
  5 adders
  An adder zombie (D:4)
  An adder skeleton (D:4)
  2 dart slugs
  A ribbon worm (D:3)
  9 orcs
  4 ball pythons
  A bat (D:1)
  6 endoplasms
  A giant cockroach (D:2)
  10 goblins
  10 hobgoblins
  7 jackals (D:2)
  4 kobolds
  3 quokkas
  6 frilled lizards
  6 rats
87 creatures vanquished.

Notes
Turn   | Place    | Note
-------+----------+-------------------------------------------
     0 | D:1      | juan097 the Octopode Shapeshifter began the quest for the
                  | Orb.
     0 | D:1      | Reached XP level 1. HP: 13/13 MP: 1/1
    50 | D:1      | Reached XP level 2. HP: 13/18 MP: 2/2
   372 | D:1      | Reached skill level 1 in Stealth
   416 | D:1      | Reached XP level 3. HP: 23/23 MP: 3/3
  1300 | D:2      | Reached XP level 4. HP: 28/28 MP: 4/4
  1413 | D:2      | Found a faded altar of an unknown god.
  1575 | D:3      | Reached skill level 4 in Unarmed Combat
  1650 | D:3      | Noticed Robin
  1660 | D:3      | Reached XP level 5. HP: 21/34 MP: 5/5
  1668 | D:3      | Killed Robin
  1788 | D:3      | Identified the +2 ring mail of Honour {Fly rC+ Str-5}
  2311 | D:4      | Noticed an ogre
  2378 | D:4      | Killed an ogre
  2379 | D:4      | Reached skill level 1 in Throwing
  2379 | D:4      | Reached XP level 6. HP: 41/41 MP: 6/6
  2489 | D:4      | Found a sand-covered staircase.
  2490 | D:4      | You fall into a shaft and drop 2 floors!
  2497 | D:6      | Found a glowing silver altar of Zin.
  2646 | D:6      | Reached skill level 5 in Unarmed Combat
  2646 | D:6      | Reached XP level 7. HP: 26/45 MP: 7/7
  2653 | D:6      | Slain by a gnoll

Illustrated notes

Levels and vault maps discovered:
D:1:      minmay_arrival_radiant_lines, layout_loops_ring
D:2:      layout_loops_ring, dilly_ecumenical_altar_fadedgnrine,
          columned_hall_lemuel, nicolae_concentric_dashed_squares_mild
D:3:      cheibrodos_helix_gallery, layout_basic, minmay_misc_feat_x, uniq_robin
D:4:      layout_cave_pools, nicolae_ossuary_entry_false_entrances,
          serial_undead, serial_undead_c, serial_undead_d, serial_undead_e,
          serial_undead_e
D:6:      layout_cave_pools, pdpol_wu_jian_five_deadly_venoms,
          mainiacjoe_overflow_alcove_2

Skill      XL: |  1  2  3  4  5  6 |
---------------+-------------------+-----
Stealth        | 1 2 3 |  3.4
Unarmed Combat | 4 5 |  5.0
Fighting       | 2 |  2.8
Throwing       | 1 |  1.5
Dodging        | 3 |  3.2
Shapeshifting  | |  3.8

Action                     |  1- 3 |  4- 6 |  7- 9 || total
---------------------------+-------+-------+-------++-------
  Melee: Unarmed           |    67 |    85 |       ||   152
         Constrict         |    15 |    26 |       ||    41
         Tentacles         |    11 |    22 |       ||    33
         Punch             |     3 |     6 |       ||     9
  Throw: Dart              |       |    12 |       ||    12
         Boomerang         |       |     4 |       ||     4
    Use: Scroll            |       |       |     3 ||     3
   Stab: Sleeping          |    10 |     6 |       ||    16
         Distracted        |       |     3 |       ||     3
 Armour: Skin              |    14 |    37 |     3 ||    54
  Dodge: Dodged            |    32 |    38 |     4 ||    74

Table legend: (Time is in decaauts)
 A = Elapsed time spent in this place.
 B = Non-inter-level travel time spent in this place.
 C = Inter-level travel time spent in this place.
 D = Time resting spent in this place.
 E = Time spent auto-exploring this place.
 F = Levels seen in this place.
 G = Mean time per level.
                   A        B        C        D        E       F      G
               +--------+--------+--------+--------+--------+-----+--------+
         Total |   2641 |   2522 |    119 |     56 |   1778 |   5 |  528.2 |
       Dungeon |   2641 |   2522 |    119 |     56 |   1778 |   5 |  528.2 |
               +--------+--------+--------+--------+--------+-----+--------+

Top non-repeatable levels by time:
     D:3: 821 daAuts
     D:2: 816 daAuts
     D:1: 686 daAuts
     D:6: 162 daAuts
     D:4: 154 daAuts
